 Dungeon Crawl Stone Soup version 0.31-a0-996-g3b49de5836 (webtiles) character file.

Game seed: 4571909812668556993

379 GordonOverkill the Covert (level 6, -12/32 HPs)
             Began as a Spriggan Delver on Nov 7, 2023.
             Mangled by an ogre
             ... wielding a +0 giant spiked club
              (34 damage)
             ... on level 4 of the Dungeon.
             The game lasted 00:08:35 (3782 turns).

GordonOverkill the Covert (Spriggan Delver)         Turns: 3782, Time: 00:08:36

Health: -12/32     AC:  2    Str:  8    XL:     6   Next: 45%
Magic:  7/13       EV: 17    Int: 14    God:
Gold:   144        SH:  0    Dex: 16    Spells: 12/13 levels left

rFire   . . .        m - +0 rapier
rCold   . . .        (no shield)
rNeg    . . .        b - +0 robe
rPois   +            (helmet restricted)
rElec   .            (no cloak)
rCorr   .            (gloves unavailable)
SInv    +            (boots unavailable)
Will    +....        (no amulet)
Stlth   ++++         p - ring of poison resistance
HPRegen 0.25/turn    (no ring)
MPRegen 0.13/turn

%: no passive effects
@: very quick
A: very small, no large weapons, unfitting armour, see invisible, speed 3
a: no special abilities


You were on level 4 of the Dungeon.
You visited 1 branch of the dungeon, and saw 6 of its levels.

You collected 144 gold pieces.

Inventory:

Hand Weapons
 m - a +0 rapier (weapon)
Armour
 b - a +0 robe (worn)
Jewellery
 p - a ring of poison resistance (left hand)
Wands
 g - a wand of digging (3)
Scrolls
 c - 3 scrolls of fog
 d - a scroll of revelation
 e - 2 scrolls of fear
 i - 2 scrolls of teleportation {unknown}
 l - 2 scrolls of enchant weapon {unknown}
 n - a scroll of immolation {unknown}
 o - 2 scrolls of identify {unknown}
 q - a scroll of torment {unknown}
 r - a scroll of brand weapon {unknown}
Potions
 a - 2 potions of enlightenment {unknown}
 f - a potion of haste
 h - 4 potions of curing {unknown}
 j - 2 potions of heal wounds
 k - a potion of mutation {unknown}


   Skills:
 - Level 3.0 Fighting
 - Level 3.0 Short Blades
 - Level 3.0 Dodging
 - Level 8.0 Stealth
 - Level 4.0 Spellcasting
 + Level 3.3 Ice Magic


You had 12 spell levels left.
You knew the following spells:

 Your Spells              Type           Power      Damage    Failure   Level
a - Freeze                Ice            48%        1d6       4%          1

Your spell library contained the following spells:

 Spells                   Type           Power      Damage    Failure   Level
 Slow                     Hex            8%         N/A       19%         1
 Confusing Touch          Hex            2%         N/A       50%         3
 Sigil of Binding         Hex            2%         N/A       50%         3
 Vampiric Draining        Necr           2%         2d6       50%         3
 Alistair's Intoxication  Tmut/Pois      1%         N/A       99%         5
 Borgnjor's Vile Clutch   Necr/Erth      1%         N/A       99%         5
 Lee's Rapid Deconstruct  Erth           1%         3d4*      99%         5
 Eringya's Noxious Bog    Tmut/Pois      1%         4d6       100%        6
 Lehudib's Crystal Spear  Conj/Erth      1%         10d2      100%        8


Dungeon Overview and Level Annotations

Branches:
Dungeon (6/15)
 Temple: D:4-7

Altars:
Elyvilon
Qazlal
Trog

Shops:
D:5 *


Innate Abilities, Weirdness & Mutations

You are very small and have problems with some larger weapons.
You are too small for most types of armour.
You have supernaturally acute eyesight. (SInv)
You cover ground extremely quickly. (Speed+++)


Message History

Casting: Freeze (safe; 4% risk of failure)
Confirm with . or Enter, or press ? or * to list all spells.
Aiming: Freeze (safe; 4% risk of failure)
Press: ? - help, Shift-Dir - straight line, f/p - ogre
Aim: an ogre, wielding a +0 giant spiked club (lightly wounded)
You freeze the ogre.
The ogre is lightly wounded.
Casting: Freeze (safe; 4% risk of failure)
Confirm with . or Enter, or press ? or * to list all spells.
Aiming: Freeze (safe; 4% risk of failure)
Press: ? - help, Shift-Dir - straight line, f/p - ogre
Aim: an ogre, wielding a +0 giant spiked club (lightly wounded)
You freeze the ogre.
The ogre is moderately wounded.
The ogre hits you with a +0 giant spiked club!
Casting: Freeze (safe; 4% risk of failure)
Confirm with . or Enter, or press ? or * to list all spells.
Aiming: Freeze (safe; 4% risk of failure)
Press: ? - help, Shift-Dir - straight line, f/p - ogre
Aim: an ogre, wielding a +0 giant spiked club (moderately wounded)
You freeze the ogre.
The ogre is heavily wounded.
The ogre completely misses you.
Casting: Freeze (safe; 4% risk of failure)
Confirm with . or Enter, or press ? or * to list all spells.
Aiming: Freeze (safe; 4% risk of failure)
Press: ? - help, Shift-Dir - straight line, f/p - ogre
Aim: an ogre, wielding a +0 giant spiked club (heavily wounded)
You freeze the ogre!
The ogre is severely wounded.
Casting: Freeze (safe; 4% risk of failure)
Confirm with . or Enter, or press ? or * to list all spells.
Aiming: Freeze (safe; 4% risk of failure)
Press: ? - help, Shift-Dir - straight line, f/p - ogre
Aim: an ogre, wielding a +0 giant spiked club (severely wounded)
You freeze the ogre!
The ogre is almost dead.
The ogre hits you with a +0 giant spiked club!!
Ouch! That really hurt!
You die...

.....
.....##+#########
................#
................#
................#
......<.........#
..........$.>...#
......O@........#
................#
#####...........# ##
#...........+ #.
#...........#######.
#...................
#...................
#...................
#...................


You could see an ogre.

Vanquished Creatures
  A sky beast (D:3)
  A phantom (D:3)
  A scorpion (D:4)
  A hound (D:4)
  2 sleepcaps (D:3)
  An adder (D:4)
  2 worms (D:3)
  5 orcs
  7 bats
  2 endoplasms (D:1)
  2 giant cockroaches
  3 hobgoblins
  2 jackals (D:2)
  3 quokkas (D:5)
  7 ball pythons
  3 frilled lizards (D:3)
  5 goblins
  2 kobolds
  3 rats (D:2)
53 creatures vanquished.

Notes
Turn   | Place    | Note
-------+----------+-------------------------------------------
     0 | D:5      | GordonOverkill the Spriggan Delver began the quest for the
                  | Orb.
     0 | D:5      | Reached XP level 1. HP: 11/11 MP: 2/2
     1 | D:6      | Noticed a scorpion
    29 | D:5      | Found a bloodstained altar of Trog.
   170 | D:5      | Noticed an iguana
   205 | D:5      | Noticed a water moccasin
   307 | D:4      | Noticed a hound
   311 | D:4      | Killed a hound
   312 | D:4      | Reached XP level 2. HP: 16/16 MP: 3/3
   312 | D:4      | Reached XP level 3. HP: 19/19 MP: 4/4
   395 | D:4      | Noticed a scorpion
   600 | D:3      | Noticed a phantom
   620 | D:3      | Got the Reference Book on Ice and Detritus
   643 | D:2      | Learned a level 1 spell: Freeze
  1265 | D:1      | Reached skill level 1 in Spellcasting
  2188 | D:2      | Reached XP level 4. HP: 20/23 MP: 4/6
  2482 | D:3      | Reached skill level 8 in Stealth
  2630 | D:3      | Noticed a sky beast
  2633 | D:3      | Killed a sky beast
  2634 | D:3      | Reached XP level 5. HP: 28/28 MP: 7/9
  2663 | D:3      | Killed a phantom
  2863 | D:3      | Found a white marble altar of Elyvilon.
  2977 | D:3      | Found a faded altar of an unknown god.
  3021 | D:3      | Found a stormy altar of Qazlal.
  3048 | D:3      | Reached XP level 6. HP: 19/32 MP: 5/12
  3782 | D:4      | Mangled by an ogre

Illustrated notes

Levels and vault maps discovered:
D:1:      lightli_arrival_isolated_outpost, layout_loops_ring
D:2:      layout_basic
D:3:      layout_loops_ring, nicolae_overflow_ecumenical_swirl,
          nicolae_elyvilon_peaceful_grove, chequers_serial_rivers_micro_b,
          hellmonk_no_cap
D:4:      layout_gridville, uniq_robin
D:5:      layout_rooms, trog_butcher_becter, nicolae_alphabet_shops,
          uniq_crazy_yiuf_cottage
D:6:      layout_loops_cross, nicolae_tso_besieged_by_evil, nicolae_shop_gadgets

Skill      XL: |  1  2  3  4  5  6 |
---------------+-------------------+-----
Dodging        | 3 |  3.0
Short Blades   | 3 |  3.0
Spellcasting   | 1 2 3 4 |  4.0
Fighting       | 3 |  3.0
Stealth        | 8 |  8.0
Ice Magic      | 2 3 |  3.3

Action                     |  1- 3 |  4- 6 || total
---------------------------+-------+-------++-------
  Melee: Short sword       |    25 |       ||    25
         Rapier            |    69 |    34 ||   103
         Punch             |       |     1 ||     1
   Cast: Freeze            |     1 |    37 ||    38
    Use: Potion            |     1 |       ||     1
   Stab: Sleeping          |    13 |     9 ||    22
 Armour: Robe              |    30 |    22 ||    52
  Dodge: Dodged            |    86 |    44 ||   130

Table legend: (Time is in decaauts)
 A = Elapsed time spent in this place.
 B = Non-inter-level travel time spent in this place.
 C = Inter-level travel time spent in this place.
 D = Time resting spent in this place.
 E = Time spent auto-exploring this place.
 F = Levels seen in this place.
 G = Mean time per level.
                   A        B        C        D        E       F      G
               +--------+--------+--------+--------+--------+-----+--------+
         Total |   2674 |   2521 |    153 |    631 |   1123 |   6 |  445.7 |
       Dungeon |   2674 |   2521 |    153 |    631 |   1123 |   6 |  445.7 |
               +--------+--------+--------+--------+--------+-----+--------+

Top non-repeatable levels by time:
     D:3: 962 daAuts
     D:2: 777 daAuts
     D:1: 433 daAuts
     D:4: 351 daAuts
     D:5: 145 daAuts
     D:6: 4 daAuts
